 Dungeon Crawl Stone Soup version 0.32-a0-131-g9dbbe29261 (webtiles) character file.

Game seed: 11572943148627475142

67 Dittersdorf the Trooper (level 4, -1/29 HPs)
             Began as a Gargoyle Fighter on Feb 8, 2024.
             Slain by Natasha (2 damage)
             ... on level 3 of the Dungeon.
             The game lasted 00:01:40 (1659 turns).

Dittersdorf the Trooper (Gargoyle Fighter)          Turns: 1659, Time: 00:01:40

Health: -1/29      AC: 14    Str: 22    XL:     4   Next: 18%
Magic:  4/4        EV:  9    Int: 11    God:
Gold:   116        SH:  4    Dex:  9    Spells: 3/3 levels left

rFire   . . .        a - +0 flail
rCold   . . .        c - +0 buckler
rNeg    + . .        b - +0 scale mail
rPois   ∞            q - +0 helmet {Int+3}
rElec   +            (no cloak)
rCorr   .            o - +1 pair of gloves
SInv    .            (no boots)
Will    .....        (no amulet) Stlth
                     (no ring)
HPRegen 0.24/turn    (no ring)
MPRegen 0.09/turn

%: no passive effects
@: slowed, very slow
A: sickness immunity, AC +3, negative energy resistance 1, electricity
resistance, torment resistance 1, petrification resistance
a: no special abilities


You were on level 3 of the Dungeon.
You visited 1 branch of the dungeon, and saw 3 of its levels.

You collected 116 gold pieces.

Inventory:

Hand Weapons
 a - a +0 flail (weapon)
Armour
 b - a +0 scale mail (worn)
 c - a +0 buckler (worn)
 o - a +1 pair of gloves (worn)
 q - a +0 helmet of intelligence (worn)
Scrolls
 e - a scroll of immolation {unknown}
 g - a scroll of noise {unknown}
 h - a scroll of butterflies {unknown}
 i - a scroll of enchant weapon {unknown}
 k - a scroll of identify {unknown}
 l - a scroll of silence {unknown}
 m - 3 scrolls of blinking {unknown}
Potions
 d - 3 potions of might
 f - a potion of degeneration {unknown}
 j - a potion of enlightenment {unknown}
 n - 2 potions of curing {unknown}
 p - a potion of brilliance {unknown}


   Skills:
 + Level 3.9 Fighting
 + Level 2.7 Maces & Flails
 + Level 3.9 Armour
 + Level 3.9 Shields


You had 3 spell levels left.
You didn't know any spells.
Your spell library contained the following spells:

 Spells                   Type           Power      Damage    Failure   Level
 Apportation              Tloc           0%         N/A       73%         1
 Necrotise                Necr           0%         1d4       73%         1
 Sting                    Conj/Alch      0%         1d3       73%         1
 Summon Small Mammal      Summ           0%         N/A       73%         1


Dungeon Overview and Level Annotations

Branches:
Dungeon (3/15)

Altars:

Shops:
D:3 *

Annotations:
D:3 Natasha


Innate Abilities, Weirdness & Mutations

You are immune to sickness and miasma.
Your stone body is resilient. (AC +3)
You are immune to poison.
You resist negative energy. (rN+)
You are resistant to electric shocks. (rElec)
You are resistant to unholy torment.
You are immune to petrification.


Message History

You are too injured to fight recklessly!
You are too injured to fight recklessly!
You are too injured to fight recklessly!
You hit the goblin but do no damage. The goblin hits you but does no damage.
Natasha barely misses you.
The gnoll hits you from afar with a +0 spear.
* * * LOW HITPOINT WARNING * * *
The cerulean imp hits you but does no damage.
The gnoll hits you from afar with a +0 spear.
* * * LOW HITPOINT WARNING * * *
The goblin closely misses you. Natasha claws you but does no damage.
The cerulean imp hits you with a +0 spear.
* * * LOW HITPOINT WARNING * * *
The cerulean imp hits you but does no damage.
The gnoll hits you but does no damage. The goblin barely misses you.
The cerulean imp closely misses you. The goblin attacks as it pursues you!
The goblin hits you but does no damage. The goblin misses you.
Natasha howls an incantation.
Natasha glows brightly for a moment.
The cerulean imp barely misses you. The goblin barely misses you.
Natasha stares at you and mumbles some strange words.
The magic dart hits you but does no damage.
The cerulean imp disappears in a puff of smoke!
The endoplasm jiggles.
Natasha attacks as she pursues you! Natasha claws you but does no damage.
Natasha closely misses you. Natasha claws you.
* * * LOW HITPOINT WARNING * * *
The gnoll attacks as it pursues you! You block the gnoll's attack.
The goblin hits you but does no damage. You block the gnoll's attack.
Natasha claws you.
* * * LOW HITPOINT WARNING * * *
The goblin attacks as it pursues you! The goblin hits you but does no damage.
Natasha hisses.
Natasha barely misses you. The goblin hits you with a +0 club.
* * * LOW HITPOINT WARNING * * *
The gnoll closely misses you. Natasha attacks as she pursues you!
Natasha claws you.
You die...
Natasha curls up and begins to purr.

#####.
#..###...........
#..... #.
##...)...........
#..... #.
#####..†........
#..... ..
#...........
######
#...........
#...........
#....#######
#..........#
####@......#
#h∩.....#
#g......#
#g.g....#
#.g.....#
#...g...#
#...J..##
#......# #......#


You could see Natasha, 4 gnolls, an endoplasm and a goblin.

Vanquished Creatures
  Robin (D:3)
  An adder (D:3)
  A dart slug (D:1)
  A ribbon worm (D:3)
  An orc (D:3)
  3 bats (D:1)
  2 endoplasms (D:3)
  A giant cockroach (D:2)
  9 goblins
  7 hobgoblins
  2 quokkas
  A ball python (D:3)
  3 frilled lizards
  4 kobolds
  3 rats
40 creatures vanquished.

Vanquished Creatures (others)
  A goblin (D:3)
1 creature vanquished.

Grand Total: 41 creatures vanquished

Notes
Turn   | Place    | Note
-------+----------+-------------------------------------------
     0 | D:1      | Dittersdorf the Gargoyle Fighter began the quest for the
                  | Orb.
     0 | D:1      | Reached XP level 1. HP: 14/14 MP: 1/1
   253 | D:1      | Reached XP level 2. HP: 19/19 MP: 2/2
  1099 | D:2      | Found a faded altar of an unknown god.
  1279 | D:3      | Reached XP level 3. HP: 24/24 MP: 3/3
  1463 | D:3      | Noticed Robin
  1478 | D:3      | Killed Robin
  1504 | D:3      | Reached XP level 4. HP: 21/29 MP: 4/4
  1587 | D:3      | Found Cyirraof's General Store.
  1638 | D:3      | Noticed Natasha
  1656 | D:3      | HP: 1/29 [Natasha (1)]
  1659 | D:3      | Slain by Natasha

Illustrated notes

Levels and vault maps discovered:
D:1:      lightli_arrival_chessboard, layout_loops_cross
D:2:      layout_rooms, shapermc_ecumenical_altar_hornbeckon
D:3:      layout_basic, serial_shops, shop, kennysheep_orc_chapel, uniq_natasha,
          uniq_ijyb, uniq_robin

Action                     |  1- 3 |  4- 6 || total
---------------------------+-------+-------++-------
  Melee: Flail             |   126 |    33 ||   159
 Armour: Scale mail        |    91 |    61 ||   152
  Dodge: Dodged            |    50 |    26 ||    76
  Block: Buckler           |    28 |    14 ||    42

Table legend: (Time is in decaauts)
 A = Elapsed time spent in this place.
 B = Non-inter-level travel time spent in this place.
 C = Inter-level travel time spent in this place.
 D = Time resting spent in this place.
 E = Time spent auto-exploring this place.
 F = Levels seen in this place.
 G = Mean time per level.
                   A        B        C        D        E       F      G
               +--------+--------+--------+--------+--------+-----+--------+
         Total |   1722 |   1653 |     69 |    113 |   1159 |   3 |  574.0 |
       Dungeon |   1722 |   1653 |     69 |    113 |   1159 |   3 |  574.0 |
               +--------+--------+--------+--------+--------+-----+--------+

Top non-repeatable levels by time:
     D:1: 762 daAuts
     D:2: 517 daAuts
     D:3: 442 daAuts
